 Dungeon Crawl Stone Soup version 0.19.0-22-gd96e5fe (webtiles) character file.

8607 kae the Basher (level 11, -3/78 HPs)
             Began as a Formicid Fighter on Nov 18, 2016.
             Was a High Priest of Okawaru.
             Slain by a five-headed hydra (12 damage)
             ... on level 1 of the Lair of Beasts.
             The game lasted 00:12:20 (11553 turns).

kae the Basher (Formicid Fighter)                  Turns: 11553, Time: 00:12:20

Health: -3/78      AC: 11    Str: 23    XL:     11   Next: 59%
Magic:  25/27      EV: 11    Int:  9    God:    Okawaru [*****.]
Gold:   481        SH: 11    Dex: 10    Spells: 0 memorised, 10 levels left

rFire  . . .     SeeInvis +     k - +9 club
rCold  . . .     Gourm    .     b - +1 scale mail
rNeg   . . .     Faith    .     c - +0 shield
rPois  .         Spirit   .     (helmet unavailable)
rElec  .         Reflect  .     G - +0 cloak
rCorr  .         Harm     .     (no gloves)
MR     +....                    (no boots)
Stlth  +.........               (no amulet)
                                h - ring of magical power
                                v - -2 ring of evasion (curse)

@: heroism
A: permanent stasis, dig shafts and tunnels, four strong arms, antennae 3
a: Dig, Shaft Self, Heroism, Finesse, Renounce Religion


You were on level 1 of the Lair of Beasts.
You worshipped Okawaru.
Okawaru was extremely pleased with you.
You were very hungry.

You visited 2 branches of the dungeon, and saw 11 of its levels.

You collected 481 gold pieces.

Inventory:

Hand Weapons
 a - a +0 flail
 e - a +0 whip
 k - a +9 club (weapon)
 D - a +0 demon whip
Armour
 b - a +1 scale mail (worn)
 c - a +0 shield (worn)
 G - a +0 cloak (worn)
Jewellery
 h - a ring of magical power (right hand)
 v - a cursed -2 ring of evasion (left hand)
Wands
 l - a wand of paralysis (14/24)
 m - a wand of lightning (6/15)
 p - a wand of flame (31/48)
 y - a wand of digging (0/24)
 I - a wand of acid (5/15)
Scrolls
 g - 4 scrolls of enchant armour
 i - a scroll of fog
 q - 4 scrolls of identify
 r - 2 scrolls of fear
 C - 2 scrolls of amnesia
 J - a scroll of remove curse
Potions
 d - 4 potions of mutation
 s - 2 potions of invisibility
 u - 3 potions of curing
 w - 2 potions of brilliance
 x - 3 potions of flight
 z - a potion of magic
Books
 n - a book of Necromancy

   Spells                             Type                      Level
   a - Pain                           Necromancy                   1
   b - Animate Skeleton               Necromancy                   1
   c - Vampiric Draining              Necromancy                   3
   d - Regeneration                   Charms/Necromancy            3
   e - Animate Dead                   Necromancy                   4
   f - Control Undead                 Necromancy                   4
 F - a book of Cantrips

   Spells                             Type                      Level
   a - Confusing Touch                Hexes                        1
   b - Animate Skeleton               Necromancy                   1
   c - Summon Small Mammal            Summoning                    1
   d - Apportation                    Translocation                1
Comestibles
 f - 16 bread rations
 j - 2 beef jerkies
 o - 4 meat rations
 t - a slice of pizza
 A - 3 fruits
 E - 2 royal jellies


   Skills:
 + Level 4.9(9.9) Fighting
 * Level 13.8(18.8) Maces & Flails
 + Level 5.0(10.0) Armour
 + Level 2.9(7.9) Dodging
 - Level 3.6(8.6) Shields
 - Level 9.4 Invocations


You had 10 spell levels left.
You didn't know any spells.

Dungeon Overview and Level Annotations

Branches:
Dungeon (10/15)            Temple (0/1) D:7            Lair (1/6) D:10
    Orc: D:9-12

Altars:
Fedhas
Kikubaaqudgha
Nemelex Xobeh
Okawaru
Qazlal
Ru
Sif Muna
Trog
Uskayaw
Vehumet
Xom
Zin
The Shining One

Shops:
D:4 [

Annotations:
D:4 1 runed door


Innate Abilities, Weirdness & Mutations

You are under a permanent stasis effect.
You can dig through walls and to a lower floor.
Your four strong arms can wield two-handed weapons with a shield.
You have a pair of large antennae on your head. (SInv)


Message History

The five-headed hydra bites you but does no damage.
The five-headed hydra bites you!
You block the five-headed hydra's attack.
You barely miss the five-headed hydra.
The five-headed hydra is moderately wounded.
You hit the five-headed hydra.
The five-headed hydra is heavily wounded.
You block the five-headed hydra's attack.
The five-headed hydra bites you.
You block the five-headed hydra's attack.
The five-headed hydra bites you!
* * * LOW HITPOINT WARNING * * *
The five-headed hydra bites you!
* * * LOW HITPOINT WARNING * * *
You sock the five-headed hydra!
The five-headed hydra is heavily wounded.
You block the five-headed hydra's attack. x2
The five-headed hydra bites you but does no damage.
The five-headed hydra bites you!
You die...

....#
....#
#...##
#....
#...#
#...#
#D..#
#.@.#
#...#
#.รท.#
#....P#
##...##
P...#
##...#
#...#
#...P


You could see a five-headed hydra.

Vanquished Creatures
  The ghost of Sagrath01 the Archer, a journeyman DsWn of Okawaru (D:10)
  A hydra (Lair:1)
  Pikel (D:8)
  Maurice (D:9)
  A troll (D:7)
  Grinder (D:6)
  A two-headed ogre (D:9)
  A spriggan (D:7)
  Sigmund (D:2)
  A steam dragon (D:9)
  Eustachio (D:6)
  A hungry ghost (D:10)
  A mottled dragon (D:8)
  A water moccasin (Lair:1)
  4 orc warriors
  A slave (D:8)
  2 ice beasts
  7 ogres
  A phantom (D:7)
  3 sky beasts
  2 black bears
  An eye of draining (D:9)
  2 crocodiles
  2 centaurs
  3 bullfrogs
  2 wyvern skeletons
  A water moccasin skeleton (D:5)
  3 scorpions
  7 killer bees
  3 howler monkeys
  2 centaur zombies
  3 crimson imps
  2 jellies
  4 hounds
  6 orc priests
  10 orc wizards
  A centaur skeleton (D:4)
  2 iguanas (D:7)
  Jessica (D:2)
  13 worker ants
  Natasha (thrice) (D:2)
  Ijyb (D:3)
  3 hound skeletons
  A worker ant zombie (D:5)
  5 river rats (D:10)
  14 adders
  3 shadow imps
  A white imp (D:7)
  An ooze (D:2)
  2 adder zombies
  2 adder skeletons
  3 worms (D:3)
  A dart slug (D:1)
  2 leopard geckos
  34 orcs
  A ball python (D:4)
  4 giant cockroaches
  14 goblins
  6 hobgoblins
  10 jackals
  9 kobolds
  6 quokkas
  14 bats
  4 frilled lizards
  A jackal zombie (D:8)
  17 rats
264 creatures vanquished.

Vanquished Creatures (others)
  5 fungi (D:8)
5 creatures vanquished.

Grand Total: 269 creatures vanquished

Notes
Turn   | Place    | Note
-------+----------+-------------------------------------------
     0 | D:1      | kae the Formicid Fighter began the quest for the Orb.
     0 | D:1      | Reached XP level 1. HP: 18/18 MP: 1/1
    48 | D:1      | Reached XP level 2. HP: 24/24 MP: 2/2
   119 | D:1      | Reached skill level 3 in Maces & Flails
   194 | D:1      | Reached XP level 3. HP: 28/29 MP: 3/3
   673 | D:2      | Noticed Sigmund
   842 | D:2      | Killed Sigmund
   842 | D:2      | Reached skill level 5 in Maces & Flails
   842 | D:2      | Reached XP level 4. HP: 26/35 MP: 4/4
   842 | D:2      | Reached XP level 5. HP: 31/41 MP: 5/5
   850 | D:2      | Noticed Jessica
   863 | D:2      | Killed Jessica
   863 | D:2      | Reached XP level 6. HP: 22/47 MP: 6/6
  1132 | D:2      | Found an iron altar of Okawaru.
  1153 | D:2      | Became a worshipper of Warmaster Okawaru
  1183 | D:2      | Reached skill level 6 in Maces & Flails
  1572 | D:2      | Noticed Natasha
  1576 | D:2      | Killed Natasha
  1877 | D:2      | Noticed Natasha
  1883 | D:2      | Killed Natasha
  1947 | D:2      | Noticed Natasha
  1951 | D:2      | Killed Natasha
  2129 | D:3      | Noticed Ijyb
  2142 | D:3      | Killed Ijyb
  2142 | D:3      | Reached skill level 7 in Maces & Flails
  2142 | D:3      | Reached XP level 7. HP: 49/52 MP: 7/7
  2541 | D:3      | Found a faded altar of an unknown god.
  2822 | D:4      | Reached skill level 1 in Invocations
  3189 | D:4      | Reached skill level 8 in Maces & Flails
  3316 | D:4      | Reached * piety under Okawaru
  3316 | D:4      | Reached XP level 8. HP: 47/58 MP: 8/10
  3327 | D:4      | Found a sparkling altar of Nemelex Xobeh.
  3495 | D:4      | Found Fuimm's Antique Armour Shop.
  3660 | D:4      | Found an ancient bone altar of Kikubaaqudgha.
  3845 | D:4      | Found a runed door.
  3900 | D:5      | Entered Level 5 of the Dungeon
  3990 | D:5      | Found a glowing silver altar of Zin.
  3991 | D:5      | Noticed an angel
  4013 | D:5      | Reached skill level 9 in Maces & Flails
  4187 | D:5      | Found a shimmering altar of Xom.
  4253 | D:5      | Reached ** piety under Okawaru
  4404 | D:5      | Reached skill level 5 in Invocations
  4654 | D:5      | Found a hide-covered altar of Uskayaw.
  4912 | D:5      | Reached XP level 9. HP: 44/64 MP: 12/12
  5367 | D:6      | Reached skill level 10 in Maces & Flails
  5466 | D:6      | Noticed Eustachio
  5504 | D:6      | Killed Eustachio
  5683 | D:6      | Found a sacrificial altar of Ru.
  6036 | D:6      | Reached *** piety under Okawaru
  6146 | D:6      | Noticed Grinder
  6168 | D:6      | Killed Grinder
  6351 | D:6      | Reached skill level 11 in Maces & Flails
  6753 | D:7      | Found a bloodstained altar of Trog.
  6796 | D:7      | Reached XP level 10. HP: 56/70 MP: 15/15
  6838 | D:7      | Found a staircase to the Ecumenical Temple.
  7002 | D:7      | Reached **** piety under Okawaru
  7002 | D:7      | Reached skill level 12 in Maces & Flails
  7668 | D:7      | Found a glowing golden altar of the Shining One.
  7999 | D:8      | Found a blossoming altar of Fedhas.
  8356 | D:8      | Noticed Pikel
  8398 | D:8      | Killed Pikel
  8975 | D:8      | Found a deep blue altar of Sif Muna.
  8993 | D:8      | Found a radiant altar of Vehumet.
  9054 | D:9      | Reached skill level 13 in Maces & Flails
  9354 | D:9      | Reached XP level 11. HP: 70/75 MP: 18/18
  9401 | D:9      | Noticed Maurice
  9838 | D:9      | Found a stormy altar of Qazlal.
  9999 | D:9      | Killed Maurice
  9999 | D:9      | Reached ***** piety under Okawaru
  9999 | D:9      | Reached skill level 1 in Dodging
 10020 | D:10     | Entered Level 10 of the Dungeon
 10191 | D:10     | Noticed Sagrath01's ghost (journeyman DsWn)
 10287 | D:10     | Killed Sagrath01's ghost
 11055 | D:10     | Found a staircase to the Lair.
 11172 | Lair:1   | Entered Level 1 of the Lair of Beasts
 11172 | Lair:1   | Noticed a four-headed hydra
 11183 | Lair:1   | Killed a four-headed hydra
 11183 | Lair:1   | Reached skill level 5 in Armour
 11209 | Lair:1   | HP: 3/78 [poisoned by a water moccasin]
 11217 | Lair:1   | HP: 3/78 [poisoned by a water moccasin]
 11458 | Lair:1   | Noticed a five-headed hydra
 11553 | Lair:1   | Slain by a five-headed hydra

Skill      XL: |  1  2  3  4  5  6  7  8  9 10 11 |
---------------+----------------------------------+-----
Maces & Flails | 3 5 7 8 9 11 13 | 13.8
Invocations    | 2 5 7 9 |  9.4
Dodging        | 2 |  2.9
Armour         | 5 |  5.0
Fighting       | 4 |  4.9
Shields        | |  3.6

Action                   |  1- 3 |  4- 6 |  7- 9 | 10-12 || total
-------------------------+-------+-------+-------+-------++-------
Melee: Flail             |    12 |       |       |       ||    12
       Whip              |    79 |    11 |       |       ||    90
       Club              |       |    80 |   278 |   558 ||   916
       Morningstar       |       |       |   122 |       ||   122
Invok: Heroism           |       |       |     5 |    11 ||    16
 Abil: Dig               |       |     7 |     2 |     9 ||    18
  Use: Potion            |     1 |       |     1 |     6 ||     8
       Scroll            |       |       |    16 |     4 ||    20
 Stab: Paralysed         |       |       |     1 |       ||     1
  Eat: Chunk             |       |     5 |     7 |    14 ||    26
       Beef jerky        |       |       |     1 |       ||     1
       Royal jelly       |       |       |     1 |       ||     1
       Meat ration       |       |       |     1 |       ||     1
       Pizza             |       |       |       |     1 ||     1
Armor: Scale mail        |    37 |    26 |    97 |   122 ||   282
       Skin              |       |       |       |    20 ||    20
Dodge: Dodged            |    37 |    25 |   101 |   104 ||   267
Block: Shield            |    37 |    37 |   144 |   193 ||   411
